AoeStats
← Jobington

Nomad

510640238Analyzed
2v2 RM · 16h ago on Oct 1, 2026· 61m 53s· 4 players
Game mode
Random Map
Map size
176×176
Population
200
Speed
Normal
Resources
Standard
Victory
Conquest
Starting age
Dark Age
Ending age
Imperial Age
RankedLock teamsTeams togetherTeam positionsShared explorationLock speedFull tech treeHidden civsTurbo modeCheats
Victory
Defeat
🇺🇸 Spanish · United States
1215
+15
🇧🇷 Huns · Brazil
1212
+15
🇬🇧 Bengalis · United Kingdom
1201
-15
🇫🇷 Varangians · France
1180
-15
Jobington
5:38 Loom
16:31 Feudal Age
17:15 Horse Collar
17:21 Double-Bit Axe
25:20 Castle Age
25:19 Fletching
25:29 Padded Archer Armor
virgilus999
6:54 Loom
10:13 Loom
12:48 Feudal Age
13:37 Double-Bit Axe
21:46 Castle Age
22:22 Scale Barding Armor
22:27 Forging
22:19 Fishing Lines
25:13 Gillnets
29:35 Bloodlines
35:50 Imperial Age
37:00 Conscription
36:04 Cavalier
40:24 Chain Barding Armor
43:25 Plate Barding Armor
51:28 Wheelbarrow
50:38 Town Watch
51:38 Wheelbarrow
56:40 Fletching
57:26 Iron Casting
58:07 Bodkin Arrow
61:12 Bracer
60:42 Elite Skirmisher
petey_hs
2:58 Loom
14:07 Feudal Age
14:34 Double-Bit Axe
16:11 Fishing Lines
18:03 Wheelbarrow
20:24 Castle Age
19:16 Fletching
20:48 Town Watch
21:50 Bodkin Arrow
22:09 Bow Saw
23:22 Gillnets
23:34 Gold Mining
26:50 Padded Archer Armor
33:25 Imperial Age
31:22 Squires
32:50 Stone Mining
32:42 Horse Collar
33:06 Elite Skirmisher
33:15 Pikeman
34:13 Leather Archer Armor
33:59 Scale Mail Armor
35:08 Chemistry
34:30 Ballistics
34:21 Bracer
34:37 Leather Archer Armor
35:52 Conscription
36:55 Heavy Plow
37:08 Forging
36:58 Scale Mail Armor
37:29 Ring Archer Armor
38:00 Hand Cart
38:05 Masonry
39:00 Elite Conquistador
42:17 Two-Man Saw
40:45 Halberdier
41:13 Capped Ram
42:50 Chain Mail Armor
43:10 Iron Casting
42:49 Bloodlines
42:44 Husbandry
43:48 Capped Ram
45:07 Siege Ram
46:20 Plate Mail Armor
46:50 Blast Furnace
53:45 Hoardings
52:40 Sappers
53:34 Supremacy
53:16 Inquisition
54:33 Stone Shaft Mining
53:58 Murder Holes
54:34 Architecture
Soldado Raso
9:53 Loom
13:28 Feudal Age
14:10 Double-Bit Axe
16:43 Fletching
16:53 Padded Archer Armor
25:07 Castle Age
24:51 Gold Mining
24:43 Horse Collar
27:17 Medium Warships
32:24 Heavy Plow
32:41 Bow Saw
37:38 Forging
37:34 Scale Barding Armor
Connection lost

Rejoining the realm…

Still unreachable

The connection could not be restored.

Session expired

The server has moved on; the page needs a fresh start.